[Event "December 5 Late 2023"]
[Site "https://www.chess.com"]
[Date "2023.12.05"]
[Round "4"]
[White "Manukyan, Sargis A."]
[Black "yaguigor"]
[Result "0-1"]
[Board "97"]
[TimeControl "180+1"]
[WhiteFideId "13303970"]
[WhiteElo "2588"]
[BlackElo "2376"]
[WhiteTeam "ARM"]
[WhiteClock "0:00:02"]
[BlackClock "0:00:12"]

1. d4 d5 2. c4 c6 3. Nc3 Nf6 4. e3 e6 5. Nf3 Nbd7 6. Bd3 dxc4 7. Bxc4 b5 8. Bd3 Bd6 9. e4 e5 10. O-O O-O 11. Bg5 exd4 12. Nxd4 Ne5 13. Be2 Bb7 14. Nf5 Bc5 15. Qc1 Ned7 16. Rd1 Qb6 17. Qf4 Rfe8 18. Bxf6 Nxf6 19. Qg5 Bf8 20. Nh6+ Kh8 21. Nxf7+ Kg8 22. Nh6+ Kh8 23. e5 gxh6 24. Qxf6+ Bg7 25. Qh4 Rxe5 26. Rd7 Rf8 27. Bf3 Rg5 28. Ne4 Rxf3 29. Nxg5 hxg5 30. Rxb7 Qxb7 31. Qxg5 Rf8 32. Re1 Qf7 33. Re2 Qxa2 34. g3 Qd5 35. Qe7 a5 36. h4 a4 37. Kh2 Qf7 38. Qc5 Qf3 39. Rd2 Re8 40. Rd7 h6 41. Rd3 Qxd3 42. Qxc6 Qe4 43. Qxb5 Rf8 44. Qf1 Qf3 45. Kg1 Bd4 46. Qc4 Qxf2+ 47. Kh1 Qg1# 0-1

[Event "December 5 Late 2023"]
[Site "https://www.chess.com"]
[Date "2023.12.05"]
[Round "4"]
[White "Janaszak, Dawid"]
[Black "Kornyukov, Alexey"]
[Result "1-0"]
[Board "98"]
[TimeControl "180+1"]
[WhiteFideId "1119206"]
[BlackFideId "4150457"]
[WhiteElo "2578"]
[BlackElo "2326"]
[WhiteTeam "POL"]
[BlackTeam "RUS"]
[WhiteClock "0:01:06"]
[BlackClock "0:00:00"]

1. e4 c5 2. Nc3 Nc6 3. Bb5 e6 4. Nf3 Nd4 5. O-O a6 6. Bd3 Nc6 7. a3 g5 8. Kh1 h5 9. b4 cxb4 10. axb4 Nxb4 11. Bc4 Qc7 12. Bb3 Bg7 13. Ba3 Nc6 14. Nxg5 b5 15. Nd5 Qb8 16. c3 Nf6 17. f4 d6 18. Ne3 Ng4 19. h3 Nxe3 20. dxe3 O-O 21. Qxh5 1-0

[Event "December 5 Late 2023"]
[Site "https://www.chess.com"]
[Date "2023.12.05"]
[Round "4"]
[White "Gabuzyan, Hovhannes"]
[Black "Paragua, Megan Althea"]
[Result "1-0"]
[Board "99"]
[TimeControl "180+1"]
[WhiteFideId "13303732"]
[BlackFideId "30973007"]
[WhiteElo "2835"]
[BlackElo "2281"]
[WhiteTeam "ARM"]
[BlackTeam "USA"]
[WhiteClock "0:01:19"]
[BlackClock "0:00:03"]

1. e4 c5 2. Nc3 d6 3. d4 cxd4 4. Qxd4 Nc6 5. Qd2 g6 6. b3 Bh6 7. f4 f5 8. Bb2 Nf6 9. O-O-O Rf8 10. exf5 Bxf5 11. Nge2 Qa5 12. Kb1 Rc8 13. h3 Ne4 14. Nxe4 Bxe4 15. Nc3 Bxf4 16. Qe2 Nb4 17. Qxe4 Rxc3 18. Bb5+ Kd8 19. a4 Rxc2 20. Qxb7 Rc7 21. Qa8+ Rc8 22. Qb7 Rc7 23. Qe4 a6 24. Bc4 Bg5 25. Rhf1 Rf5 26. Be6 Qc5 27. Bxf5 gxf5 28. Rxf5 1-0

[Event "December 5 Late 2023"]
[Site "https://www.chess.com"]
[Date "2023.12.05"]
[Round "4"]
[White "Fawzy, Adham"]
[Black "Skaric, Djuro"]
[Result "1-0"]
[Board "100"]
[TimeControl "180+1"]
[WhiteFideId "10613129"]
[BlackFideId "934569"]
[WhiteElo "2797"]
[BlackElo "2411"]
[WhiteTeam "EGY"]
[BlackTeam "SRB"]
[WhiteClock "0:00:50"]
[BlackClock "0:00:47"]

1. e4 d6 2. d4 g6 3. Nc3 Bg7 4. Be3 Nf6 5. f3 O-O 6. Qd2 Nc6 7. O-O-O e5 8. d5 Ne7 9. h4 Nh5 10. Bc4 f5 11. Nge2 f4 12. Bf2 a6 13. Kb1 Bd7 14. Rhg1 b5 15. Bd3 b4 16. g4 fxg3 17. Nxg3 bxc3 18. Qxc3 Nf4 19. h5 g5 20. Ne2 Nxe2 21. Bxe2 h6 22. Qa5 Qc8 23. c4 Qb7 24. c5 dxc5 25. Bxc5 Rf7 26. Rc1 Nc8 27. Bc4 Nd6 28. Bb3 Bb5 29. Rc3 Kh7 30. Rgc1 Raf8 31. Bd1 Rb8 32. Ba3 Bc4 33. Rxc4 Nxc4 34. Rxc4 g4 35. fxg4 Rf1 36. Rc1 Rc8 37. Be2 Rxc1+ 38. Kxc1 Bf6 39. Qxa6 Bg5+ 40. Kc2 Qxa6 41. Bxa6 Rf8 42. Bxf8 1-0

[Event "December 5 Late 2023"]
[Site "https://www.chess.com"]
[Date "2023.12.05"]
[Round "4"]
[White "Slugin, Sergey"]
[Black "Blanco Diez, David"]
[Result "1-0"]
[Board "101"]
[TimeControl "180+1"]
[WhiteFideId "4122569"]
[BlackFideId "32032927"]
[WhiteElo "2699"]
[BlackElo "2410"]
[WhiteTeam "RUS"]
[BlackTeam "ESP"]
[WhiteClock "0:00:14"]
[BlackClock "0:00:00"]

1. d4 g6 2. c3 Bg7 3. Nf3 d6 4. Bg5 Nc6 5. Nbd2 h6 6. Bh4 Nf6 7. e4 e5 8. Be2 Bg4 9. dxe5 dxe5 10. O-O O-O 11. Bg3 Nh5 12. Nc4 Bxf3 13. Bxf3 Nxg3 14. hxg3 Qxd1 15. Rfxd1 Rfd8 16. Bg4 h5 17. Bd7 Nb8 18. Ba4 Na6 19. b4 Kf8 20. Na5 b6 21. Nc4 Rac8 22. Bc6 Nb8 23. Bb7 Rxd1+ 24. Rxd1 Re8 25. b5 Ke7 26. Ne3 Rd8 27. Nd5+ Kf8 28. Rb1 Nd7 29. Nxc7 Nc5 30. Bd5 Ke7 31. Rb4 Rc8 32. Na6 Nxa6 33. bxa6 Rxc3 34. Rxb6 axb6 35. a7 Ra3 36. a8=Q Rxa8 37. Bxa8 Kd6 38. Bd5 f6 39. Bf7 g5 40. Bxh5 Kc5 41. Bf7 Kd4 42. f3 Ke3 43. Kh2 1-0

[Event "December 5 Late 2023"]
[Site "https://www.chess.com"]
[Date "2023.12.05"]
[Round "4"]
[White "Boyer, Mahel"]
[Black "Bochnicka, Vladimir"]
[Result "1-0"]
[Board "102"]
[TimeControl "180+1"]
[WhiteFideId "45102422"]
[BlackFideId "14943450"]
[WhiteElo "2676"]
[BlackElo "2409"]
[WhiteTeam "FRA"]
[BlackTeam "SVK"]
[WhiteClock "0:00:03"]
[BlackClock "0:01:44"]

1. e4 e5 2. d4 exd4 3. Bc4 Nc6 4. Nf3 Nf6 5. Qe2 d6 6. O-O Be7 7. h3 O-O 8. Rd1 Ne5 9. Bb3 Re8 10. Nxd4 h6 11. f4 Ng6 12. e5 dxe5 13. Nc6 Bc5+ 14. Kh2 Ng4+ 15. Qxg4 Bxg4 16. Rxd8 Raxd8 17. Nxd8 Bc8 18. Bxf7+ Kf8 19. Bxe8 Kxe8 20. f5 Nh4 21. Ne6 Bf2 22. Nxc7+ Kd7 23. Nd5 Nf3+ 24. gxf3 Bd4 25. Nbc3 1-0

[Event "December 5 Late 2023"]
[Site "https://www.chess.com"]
[Date "2023.12.05"]
[Round "4"]
[White "Wu, Sibo"]
[Black "Kokoszczynski, Jan"]
[Result "1-0"]
[Board "103"]
[TimeControl "180+1"]
[WhiteFideId "8606048"]
[BlackFideId "1174460"]
[WhiteElo "2405"]
[BlackElo "2662"]
[WhiteTeam "CHN"]
[BlackTeam "POL"]
[WhiteClock "0:00:04"]
[BlackClock "0:00:03"]

1. d4 g6 2. Bf4 Bg7 3. Nc3 c5 4. e3 Nf6 5. Nf3 O-O 6. h4 h5 7. Bd3 cxd4 8. exd4 d5 9. Qd2 Re8 10. Ne5 Nc6 11. a3 Ng4 12. Nxc6 bxc6 13. f3 e5 14. Bg5 exd4+ 15. Ne2 Nf6 16. O-O-O c5 17. Bb5 Bd7 18. Bxd7 Qxd7 19. g4 Rab8 20. Nf4 hxg4 21. h5 Qf5 22. Bxf6 Qxf6 23. hxg6 fxg6 24. Nxd5 Qxf3 25. Qg5 d3 26. c3 Re5 27. Ne7+ Kf7 28. Qxg6+ Kxe7 29. Qxg7+ Kd6 30. Rh6+ Re6 31. Rxe6+ Kxe6 32. Qg6+ Ke5 33. Re1+ Kf4 34. Qd6+ Kg5 35. Qxb8 Qf2 36. Qd8+ Kg6 37. Qxd3+ Kh5 38. Qd2 Qf5 39. Rd1 g3 40. Rh1+ Kg4 41. Qe2+ Qf3 42. Qxf3+ Kxf3 43. Kd2 c4 44. Kc2 a5 45. b3 cxb3+ 46. Kxb3 g2 47. Rc1 Ke2 48. c4 Kd2 49. Ra1 Kd3 50. c5 a4+ 51. Kxa4 Kc3 52. Kb5 Kb2 53. Rg1 1-0

[Event "December 5 Late 2023"]
[Site "https://www.chess.com"]
[Date "2023.12.05"]
[Round "4"]
[White "Buchenau, Frank"]
[Black "Rojas Alarcon, Julian Antonio"]
[Result "1-0"]
[Board "104"]
[TimeControl "180+1"]
[WhiteFideId "4604350"]
[BlackFideId "5107407"]
[WhiteElo "2401"]
[BlackElo "2621"]
[WhiteTeam "GER"]
[BlackTeam "MEX"]
[WhiteClock "0:00:12"]
[BlackClock "0:00:29"]

1. e4 e5 2. Bc4 Nf6 3. d3 c6 4. Nf3 d5 5. Bb3 Bd6 6. exd5 cxd5 7. Bg5 Be6 8. Nc3 Bc7 9. O-O Nc6 10. Re1 O-O 11. h3 d4 12. Ne4 Bxb3 13. axb3 Re8 14. Bxf6 gxf6 15. Nh4 Kh8 16. Qh5 Re6 17. Qxf7 Qe7 18. Qxe7 Nxe7 19. c3 Nd5 20. Nf5 dxc3 21. bxc3 Bb6 22. d4 Rg8 23. c4 Nf4 24. Neg3 exd4 25. Rxe6 Nxe6 26. b4 a6 27. c5 Bc7 28. Re1 Nf4 29. Nxd4 Nd3 30. Re7 Be5 31. Ndf5 a5 32. bxa5 Nxc5 33. Nh6 Bxg3 34. Nxg8 Bd6 35. Re8 Kg7 36. Kf1 h5 37. Rd8 Bc7 38. Rc8 Ne6 39. Ke2 Bxa5 40. Rb8 b6 41. Ne7 Nf4+ 42. Kf3 Nd3 43. Nc6 Kg6 44. Nxa5 bxa5 45. Ra8 Ne1+ 46. Kg3 h4+ 47. Kh2 Nd3 48. Rxa5 Nxf2 49. Ra4 Kg5 50. Kg1 Nd3 51. Rg4+ Kh5 52. Kf1 Ne5 53. Rg8 Nc6 54. Ke2 Ne7 55. Rg7 Nf5 56. Rg4 Nh6 57. Rg7 Nf5 58. Rg8 Nh6 59. Ra8 Kg5 60. Kf3 Nf7 61. Ra7 Ne5+ 62. Ke4 Nc4 63. Rg7+ Kh5 64. Rg4 f5+ 65. Kxf5 Ne3+ 66. Kf4 Nxg4 67. hxg4+ Kg6 68. g5 Kh5 69. Kf5 h3 70. gxh3 Kh4 71. g6 1-0

[Event "December 5 Late 2023"]
[Site "https://www.chess.com"]
[Date "2023.12.05"]
[Round "4"]
[White "Seemann, Jakub"]
[Black "Marchesich, Giovanni"]
[Result "1-0"]
[Board "105"]
[TimeControl "180+1"]
[WhiteFideId "21874697"]
[BlackFideId "2824790"]
[WhiteElo "2616"]
[BlackElo "2401"]
[WhiteTeam "POL"]
[BlackTeam "ITA"]
[WhiteClock "0:01:07"]
[BlackClock "0:00:13"]

1. b3 a5 2. a3 e5 3. Bb2 d6 4. e3 f5 5. d3 Nf6 6. Nd2 Be7 7. Ngf3 O-O 8. Be2 c6 9. O-O Be6 10. c4 Nbd7 11. b4 Qc7 12. Qb3 a4 13. Qc2 h6 14. Rfe1 g5 15. Red1 Bf7 16. Rac1 Rae8 17. Qxa4 g4 18. Ne1 Kh7 19. d4 Rg8 20. dxe5 Nxe5 21. c5 Nd5 22. cxd6 Bxd6 23. g3 h5 24. Qc2 Bg6 25. Nd3 h4 26. Nf4 hxg3 27. hxg3 Nxf4 28. exf4 Nf7 29. Bd3 Bxf4 30. gxf4 Qxf4 31. Kg2 Ng5 32. Rh1+ Nh3 33. Rcf1 Ref8 34. Qc5 Qh6 35. Be5 f4 36. Qe7+ Rf7 37. Qxf7+ Rg7 38. Bxg6+ 1-0

[Event "December 5 Late 2023"]
[Site "https://www.chess.com"]
[Date "2023.12.05"]
[Round "4"]
[White "Lymar, Vladislav"]
[Black "Haszon, David"]
[Result "0-1"]
[Board "106"]
[TimeControl "180+1"]
[WhiteFideId "14162180"]
[BlackFideId "733610"]
[WhiteElo "2606"]
[BlackElo "2394"]
[WhiteTeam "UKR"]
[BlackTeam "HUN"]
[WhiteClock "0:00:04"]
[BlackClock "0:00:41"]

1. e4 e5 2. Nf3 Nf6 3. Nc3 Nc6 4. Nxe5 Bc5 5. Nc4 d5 6. exd5 Nxd5 7. Ne3 Nxe3 8. dxe3 Qg5 9. Ne4 Qe5 10. Nxc5 Qxc5 11. Bd2 Bd7 12. Bd3 O-O-O 13. Qe2 Be6 14. O-O h5 15. a3 h4 16. b4 Qd5 17. e4 Qd7 18. Bc3 Rhg8 19. Bb5 h3 20. Rfd1 Qe7 21. Bxc6 bxc6 22. Qa6+ Kb8 23. Bd4 Rxd4 24. Rxd4 Qg5 25. Qf1 Qf6 26. Rad1 g5 27. e5 Qxe5 28. Rd8+ Rxd8 29. Rxd8+ Kb7 30. gxh3 Qc3 31. Rd3 Qxc2 32. Rg3 Bc4 33. Qe1 f6 34. Rc3 Qa2 35. Rf3 Qb2 36. h4 Bd5 37. Rc3 gxh4 38. Rh3 Qd4 39. Qe3 Qg4+ 40. Kf1 Qd1+ 41. Qe1 Bg2+ 42. Kxg2 Qxe1 43. Rxh4 Qe5 44. Rh3 Kb6 45. Rg3 Qe4+ 46. f3 Qe2+ 47. Kh3 c5 48. bxc5+ Kxc5 49. f4 Kd4 50. f5 c5 51. Rg4+ Ke5 52. Kg3 c4 53. h4 Qxg4+ 54. Kxg4 c3 55. h5 c2 56. h6 c1=Q 57. h7 Qh6 0-1

[Event "December 5 Late 2023"]
[Site "https://www.chess.com"]
[Date "2023.12.05"]
[Round "4"]
[White "Melikhov, Evgeny V."]
[Black "Miranda, Rafael"]
[Result "0-1"]
[Board "108"]
[TimeControl "180+1"]
[WhiteFideId "4122046"]
[BlackFideId "130990"]
[WhiteElo "2391"]
[BlackElo "2597"]
[WhiteTeam "GRE"]
[BlackTeam "ARG"]
[WhiteClock "0:00:12"]
[BlackClock "0:00:41"]

1. d4 Nf6 2. c4 g6 3. Nc3 d5 4. Nf3 Bg7 5. e3 O-O 6. Be2 c5 7. O-O cxd4 8. exd4 Nc6 9. Re1 b6 10. Ne5 Bb7 11. Bf3 Na5 12. b3 dxc4 13. bxc4 Bxf3 14. Nxf3 Nxc4 15. Bg5 h6 16. Bf4 Rc8 17. Rc1 e6 18. Qe2 Nd5 19. Nxd5 Qxd5 20. Be5 b5 21. Bxg7 Kxg7 22. h4 Rfd8 23. Ne5 Qxd4 24. Nxf7 Kxf7 25. Qxe6+ Kg7 26. Rcd1 Qf6 27. Qe7+ Qxe7 28. Rxe7+ Kf6 29. Rde1 Rd1 30. Re6+ Kf7 31. Re7+ Kf8 0-1

[Event "December 5 Late 2023"]
[Site "https://www.chess.com"]
[Date "2023.12.05"]
[Round "4"]
[White "Mickiewicz, Piotr"]
[Black "Bjelobrk, Igor"]
[Result "0-1"]
[Board "109"]
[TimeControl "180+1"]
[WhiteFideId "1114891"]
[BlackFideId "4300726"]
[WhiteElo "2390"]
[BlackElo "2578"]
[WhiteTeam "POL"]
[BlackTeam "AUS"]
[WhiteClock "0:00:00"]
[BlackClock "0:00:04"]

1. d4 e6 2. e4 d5 3. e5 c5 4. c3 Nc6 5. Nf3 Qb6 6. a3 c4 7. g3 Na5 8. Nbd2 Bd7 9. h4 Ne7 10. Bh3 h6 11. h5 Qc7 12. O-O O-O-O 13. Re1 Kb8 14. Rb1 Nc8 15. b4 cxb3 16. Nxb3 Ba4 17. Nc5 Bxc5 18. Qxa4 Be7 19. Bf4 Nc4 20. Nd2 N8b6 21. Qd1 Nxa3 22. Rb3 Rc8 23. Qg4 Rhg8 24. Ra1 Nac4 25. Qd1 Nxd2 26. Bxd2 Nc4 27. Be1 Qd7 28. Qb1 Rc6 29. Qh7 Qc8 30. Bf1 b6 31. Qb1 Kb7 32. Rb5 a6 33. Bxc4 dxc4 34. Qa2 Qa8 35. d5 exd5 36. Rxd5 Rd8 37. Rad1 Rxd5 38. Rxd5 Qc8 39. Qd2 Rc7 40. Qd4 Qe6 41. Qe4 Ka7 42. Bd2 Bc5 43. Bf4 f5 44. Qf3 a5 45. Rd2 Qc6 46. Qe2 Qe4 47. Qd1 Rb7 48. Re2 Qd3 49. Qe1 Re7 50. e6 a4 51. Re5 a3 52. Rxc5 bxc5 53. Qe5 Qb1+ 54. Kh2 Qb6 55. Qe2 Rxe6 56. Qxc4 Kb7 57. Be3 Rc6 58. Qa4 Qa6 59. Qb3+ Ka8 60. Qg8+ Rc8 61. Qd5+ Qb7 62. Qa2 Qa6 63. Qd5+ Rc6 64. Qd8+ Kb7 65. Qd7+ Rc7 66. Qd5+ Qc6 67. Qb3+ Kc8 68. Qxa3 Qf3 69. Qa6+ Kd7 70. Qg6 Qg4 71. Qf7+ Kc6 72. Qe6+ Kb5 73. Qe8+ Kb6 74. c4 Qe4 75. Qg6+ Kb7 0-1

[Event "December 5 Late 2023"]
[Site "https://www.chess.com"]
[Date "2023.12.05"]
[Round "4"]
[White "Espinoza Villanueva, Rodrigo"]
[Black "Donchenko, Anatoly"]
[Result "1-0"]
[Board "110"]
[TimeControl "180+1"]
[WhiteFideId "5140188"]
[BlackFideId "4106091"]
[WhiteElo "2577"]
[BlackElo "2390"]
[WhiteTeam "MEX"]
[BlackTeam "GER"]
[WhiteClock "0:00:40"]
[BlackClock "0:01:08"]

1. d4 d5 2. c4 dxc4 3. e4 Nf6 4. e5 Nd5 5. Bxc4 Nc6 6. Nf3 Bg4 7. Nc3 e6 8. Be3 Nb6 9. Bd3 Nb4 10. Be4 N4d5 11. O-O Be7 12. Re1 Bh5 13. Rc1 O-O 14. Bb1 Nxe3 15. fxe3 c5 16. Qe2 cxd4 17. exd4 Bxf3 18. Bxh7+ Kxh7 19. Qd3+ Kg8 20. gxf3 Bg5 21. Rc2 Rc8 22. Rg2 Bh6 23. Ne4 Kh8 24. Ng3 Qd5 25. Kh1 Rcd8 26. Re4 Nc4 27. Rh4 Nxe5 28. Qd2 Kh7 29. Nf5 exf5 30. Rxg7+ Kxg7 31. Qxh6+ Kg8 32. Qh8# 1-0

[Event "December 5 Late 2023"]
[Site "https://www.chess.com"]
[Date "2023.12.05"]
[Round "4"]
[White "Asish Panda"]
[Black "Chaika, Vitalii"]
[Result "0-1"]
[Board "111"]
[TimeControl "180+1"]
[WhiteFideId "45012458"]
[BlackFideId "14111802"]
[WhiteElo "2575"]
[BlackElo "2389"]
[WhiteTeam "IND"]
[BlackTeam "UKR"]
[WhiteClock "0:00:01"]
[BlackClock "0:00:04"]

1. e4 d6 2. g3 Nf6 3. Bg2 e5 4. Ne2 Be7 5. O-O c6 6. d4 Nbd7 7. c4 O-O 8. Nbc3 a6 9. h3 b5 10. cxb5 axb5 11. Be3 b4 12. Nb1 Ba6 13. Nd2 Bb5 14. Re1 Ra6 15. Nb3 Qa8 16. Nec1 Nb6 17. dxe5 dxe5 18. Bc5 Qb7 19. Qd2 Ra4 20. Qc2 Rfa8 21. a3 bxa3 22. bxa3 Nc4 23. Nd3 Nxa3 24. Bxa3 Rxa3 25. Rxa3 Rxa3 26. Ndc5 Qa7 27. Rc1 h6 28. Bf1 Ba4 29. Nxa4 Qxa4 30. Nd2 Qa7 31. Qxc6 Rxg3+ 32. Kh1 Qxf2 33. Qc8+ Kh7 34. Qf5+ Qxf5 35. exf5 Bb4 36. Nc4 Rc3 37. Rxc3 Bxc3 38. Kg2 Nh5 39. Kf3 Nf4 40. Ke4 f6 41. Nd6 Kg8 42. Bc4+ Kf8 43. Nb5 Bb4 44. Nc7 Ba3 45. h4 Ke7 46. Ne6 Nh5 47. Nc7 Ng3+ 48. Kd5 Nxf5 49. Kc6 Nd4+ 50. Kb6 Bd6 51. Nd5+ Kd7 52. Kb7 e4 53. Nb6+ Ke7 54. Ba6 e3 55. Nd5+ Ke6 56. Nxe3 f5 57. Bc4+ Ke5 58. Bf7 f4 59. Nc4+ Kf6 60. Be8 Be5 61. Bh5 g6 62. Bd1 f3 63. Kb6 g5 64. h5 g4 65. Kc5 Ne6+ 66. Kd5 Bf4 67. Ke4 Ng5+ 68. Kd5 g3 69. Nd6 g2 70. Bxf3 Nxf3 71. Ne4+ Kf5 72. Nf2 g1=Q 73. Nd3 Qd4+ 0-1

[Event "December 5 Late 2023"]
[Site "https://www.chess.com"]
[Date "2023.12.05"]
[Round "4"]
[White "Ezat, Mohamed"]
[Black "Fernandez Bustamante, Leancy B."]
[Result "0-1"]
[Board "112"]
[TimeControl "180+1"]
[WhiteFideId "10600906"]
[BlackFideId "3523870"]
[WhiteElo "2565"]
[BlackElo "2386"]
[WhiteTeam "EGY"]
[BlackTeam "CUB"]
[WhiteClock "0:00:03"]
[BlackClock "0:00:13"]

1. d4 Nf6 2. Nf3 d6 3. Nc3 Nbd7 4. e4 e5 5. Bc4 h6 6. O-O Be7 7. Re1 O-O 8. a4 c6 9. h3 Re8 10. Ba2 Bf8 11. a5 exd4 12. Nxd4 Nc5 13. Bf4 Be6 14. Nxe6 Nxe6 15. Bg3 Nc5 16. Qf3 Qc7 17. Rad1 Qxa5 18. e5 dxe5 19. Bxe5 Ncd7 20. Bd4 Rxe1+ 21. Rxe1 c5 22. Bxf6 Nxf6 23. Re4 Qb6 24. Bb3 Rc8 25. Rc4 Qd6 26. Re4 c4 27. Rxc4 Rxc4 28. Bxc4 Qc5 29. b3 Qc7 30. Nb5 Qe5 31. Nxa7 Bd6 32. g3 g6 33. Nb5 Bb8 34. Nc3 Kg7 35. Nd5 Nxd5 36. Bxd5 Qc7 37. Bxb7 Qxc2 38. Bd5 Qc7 39. Qe3 Ba7 40. Qe4 Qxg3+ 41. Qg2 Qxg2+ 42. Kxg2 Kf6 43. Bc4 Ke7 44. b4 f6 45. f4 Kd6 46. Kf3 Bd4 47. f5 g5 48. Kg4 Ke5 49. Be6 Bc3 50. Kh5 Bxb4 51. Kxh6 Kf4 52. Kg6 Bc3 53. Bc4 Bd4 54. Bf1 Be5 55. Bc4 Kg3 56. h4 gxh4 57. Bd5 h3 58. Kh5 h2 59. Kg6 Kf2 60. Kh5 Kg1 61. Kg4 h1=Q 62. Bxh1 Kxh1 63. Kf3 Kh2 64. Kg4 Kg2 65. Kh5 Kf3 66. Kg6 Kf4 67. Kh5 Kxf5 68. Kh4 Kf4 69. Kh3 Kf3 70. Kh4 f5 71. Kh3 f4 72. Kh4 Kg2 0-1

[Event "December 5 Late 2023"]
[Site "https://www.chess.com"]
[Date "2023.12.05"]
[Round "4"]
[White "Su, Dion"]
[Black "Veljanoski, Andrej"]
[Result "0-1"]
[Board "113"]
[TimeControl "180+1"]
[WhiteFideId "2029731"]
[BlackFideId "15003604"]
[WhiteElo "2380"]
[BlackElo "2555"]
[WhiteTeam "USA"]
[BlackTeam "MKD"]
[WhiteClock "0:00:00"]
[BlackClock "0:01:43"]

1. e4 b6 2. Nc3 Bb7 3. d4 g6 4. Be3 Bg7 5. f3 d6 6. Qd2 Nd7 7. O-O-O e5 8. h4 h6 9. dxe5 Nxe5 10. Bb5+ Nd7 11. h5 g5 12. f4 gxf4 13. Bxf4 a6 14. Bc4 Ngf6 15. Bd5 Nxd5 16. exd5 Qf6 17. Nf3 O-O-O 18. Rhf1 Rhe8 19. Kb1 Nc5 20. Nd4 Ne4 0-1

[Event "December 5 Late 2023"]
[Site "https://www.chess.com"]
[Date "2023.12.05"]
[Round "4"]
[White "Rodgers, Jack"]
[Black "Zakarian, David"]
[Result "0-1"]
[Board "114"]
[TimeControl "180+1"]
[WhiteFideId "3220885"]
[BlackFideId "13301276"]
[WhiteElo "2554"]
[BlackElo "2379"]
[WhiteTeam "AUS"]
[BlackTeam "ARM"]
[WhiteClock "0:00:23"]
[BlackClock "0:00:16"]

1. d4 Nf6 2. Bg5 Ne4 3. h4 c5 4. dxc5 Nc6 5. Nd2 Nxg5 6. hxg5 e5 7. Ngf3 Bxc5 8. e3 d5 9. Bb5 Bg4 10. Rh4 Bxf3 11. Nxf3 Qa5+ 12. c3 Qxb5 13. Qxd5 Rd8 14. Qe4 Qxb2 15. Rb1 Qxc3+ 16. Kf1 Qd3+ 17. Qxd3 Rxd3 18. Rxb7 Rd7 19. Rb5 Bd6 20. Rc4 Rc7 21. Nxe5 Bxe5 22. Rxe5+ Nxe5 23. Rxc7 O-O 24. Rxa7 Rb8 25. f4 Nc4 26. Kf2 g6 27. Rc7 Rb2+ 28. Kf3 Nd2+ 29. Kg4 Rxa2 30. f5 Ra4+ 31. Kg3 Ne4+ 32. Kf4 Nd6+ 33. Ke5 Nxf5 34. e4 Ng3 35. Kf6 Nxe4+ 36. Ke7 Nxg5 37. Kf6 Ne4+ 38. Ke7 Kg7 39. Ke8 Nf6+ 40. Ke7 Re4+ 41. Kd8 Rg4 42. Rc2 h5 43. Ke7 Nd5+ 44. Ke8 Ne3 45. Rf2 Nf5 46. Ra2 h4 47. Rd2 Kf6 48. Ra2 Ne3 49. Rf2+ Kg5 50. Kxf7 Rxg2 51. Rf3 Nf5 52. Ra3 Rg3 53. Ra6 Kh6 54. Ra8 h3 55. Kf6 Kh5 56. Rh8+ Nh6 57. Kg7 Kg4 58. Rxh6 g5 59. Kg6 Kf3 60. Rh8 Kg2 61. Ra8 h2 62. Ra2+ Kh3 63. Ra8 Kg4 64. Ra4+ Kf3 65. Ra3+ Kf4 66. Ra4+ Ke5 67. Ra5+ Kd6 68. Ra6+ Kc7 69. Ra1 Rg1 70. Ra7+ Kb6 71. Rh7 h1=Q 72. Rxh1 Rxh1 73. Kxg5 Rf1 74. Kg4 Kc5 75. Kg5 Kd4 76. Kg4 Ke4 77. Kg5 Rf4 78. Kg6 Rf5 79. Kg7 Ke5 80. Kg6 Ke6 81. Kg7 Rf6 82. Kg8 Ke7 83. Kg7 Rd6 84. Kh7 Kf7 85. Kh8 Rh6# 0-1

[Event "December 5 Late 2023"]
[Site "https://www.chess.com"]
[Date "2023.12.05"]
[Round "4"]
[White "Shtivelband, Richard"]
[Black "Przybylski, Wojciech"]
[Result "0-1"]
[Board "115"]
[TimeControl "180+1"]
[WhiteFideId "2017342"]
[BlackFideId "1117599"]
[WhiteElo "2377"]
[BlackElo "2546"]
[WhiteTeam "USA"]
[BlackTeam "POL"]
[WhiteClock "0:02:12"]
[BlackClock "0:01:39"]

1. d4 Nf6 2. c4 e6 3. Nc3 Bb4 4. Qc2 d5 5. Nf3 c5 6. cxd5 Qxd5 7. Bd2 Bxc3 8. Bxc3 Nc6 9. e3 cxd4 10. Nxd4 O-O 11. Nxc6 Qxc6 12. O-O-O Nd5 13. Bd4 Bd7 14. Qxc6 Bxc6 15. a3 f6 16. e4 Nf4 17. f3 Rfd8 18. g3 Ng6 19. Bc4 Kf7 20. Rhe1 Rac8 21. Kb1 Bxe4+ 22. fxe4 Rxc4 23. Bb6 0-1

[Event "December 5 Late 2023"]
[Site "https://www.chess.com"]
[Date "2023.12.05"]
[Round "4"]
[White "Hajiyev, Kanan"]
[Black "Figorito, Nick"]
[Result "0-1"]
[Board "116"]
[TimeControl "180+1"]
[WhiteFideId "13404148"]
[BlackFideId "30923689"]
[WhiteElo "2538"]
[BlackElo "2376"]
[WhiteTeam "AZE"]
[BlackTeam "USA"]
[WhiteClock "0:01:59"]
[BlackClock "0:01:31"]

1. d4 Nf6 2. Nf3 g6 3. c4 Bg7 4. g3 c6 5. Bg2 d5 6. cxd5 cxd5 7. O-O O-O 8. Nc3 Ne4 9. Qb3 Nxc3 10. Qxc3 Nc6 11. Bf4 Bf5 12. Ne5 Rc8 13. Rfc1 Nxe5 14. Qb3 Nc6 15. e3 Be4 16. f3 Bf5 17. Rd1 Na5 18. Qa4 Bc2 19. Qb4 Bxd1 20. Rxd1 e6 21. h4 Qb6 22. Qd2 Nc4 23. Qf2 Qxb2 24. Qxb2 Nxb2 25. Rb1 Rc2 26. Bf1 Rfc8 27. a4 b6 28. a5 bxa5 29. Ra1 a4 30. Bd6 Bf8 31. Be5 a5 32. Ba6 Rc1+ 33. Rxc1 Rxc1+ 34. Kf2 a3 0-1

[Event "December 5 Late 2023"]
[Site "https://www.chess.com"]
[Date "2023.12.05"]
[Round "4"]
[White "Alvarado, Carlos"]
[Black "Sanchez Alvares, Kelvin Antonio"]
[Result "1-0"]
[Board "117"]
[TimeControl "180+1"]
[WhiteFideId "3800555"]
[BlackFideId "3906680"]
[WhiteElo "2376"]
[BlackElo "2529"]
[WhiteTeam "PER"]
[BlackTeam "VEN"]
[WhiteClock "0:01:29"]
[BlackClock "0:00:57"]

1. d4 d5 2. Nf3 Nf6 3. c4 c6 4. e3 Nbd7 5. Nbd2 e6 6. Bd3 Bb4 7. O-O Qe7 8. a3 Ba5 9. b4 Bc7 10. Re1 e5 11. e4 dxe4 12. Nxe4 Nxe4 13. Bxe4 O-O 14. dxe5 Nxe5 15. Bb2 Nxf3+ 16. Qxf3 Qh4 17. g3 Qh3 18. b5 Be6 19. bxc6 bxc6 20. Bxc6 Rab8 21. Bd4 Bxc4 22. Bxa7 Rb3 23. Qe4 Be6 24. Bd5 Bg4 25. Bxb3 1-0

[Event "December 5 Late 2023"]
[Site "https://www.chess.com"]
[Date "2023.12.05"]
[Round "4"]
[White "Martins, Bruno Andre Leite"]
[Black "YurasovMat-2012"]
[Result "0-1"]
[Board "118"]
[TimeControl "180+1"]
[WhiteFideId "1942255"]
[WhiteElo "2529"]
[BlackElo "2375"]
[WhiteTeam "POR"]
[WhiteClock "0:00:08"]
[BlackClock "0:00:56"]

1. d4 d5 2. c4 c6 3. cxd5 cxd5 4. Nf3 Nf6 5. Nc3 Nc6 6. Bf4 Bf5 7. e3 e6 8. Qb3 Bb4 9. Bb5 O-O 10. Bxc6 Bxc3+ 11. Qxc3 Ne4 12. Qa3 bxc6 13. O-O f6 14. Rfc1 Qe8 15. Qa4 Rc8 16. Qxa7 h5 17. h4 Qg6 18. Ne1 Rfe8 19. Qa4 e5 20. dxe5 fxe5 21. Bh2 Qf6 22. Rc2 Nd6 23. Rxc6 Bd7 24. Rac1 Bxc6 25. Rxc6 Qe6 26. Nd3 Rxc6 27. Qxc6 Rc8 28. Qb6 e4 29. Ne1 Rc1 30. Bxd6 Rxe1+ 31. Kh2 Rf1 32. Qb8+ Kh7 33. Bg3 Qg4 34. a4 Qd1 35. Kh3 Rh1+ 36. Bh2 Qg4# 0-1

[Event "December 5 Late 2023"]
[Site "https://www.chess.com"]
[Date "2023.12.05"]
[Round "4"]
[White "Akhayan, Ruben"]
[Black "Ferreira, Vitor Hugo Vieira"]
[Result "1-0"]
[Board "119"]
[TimeControl "180+1"]
[WhiteFideId "204439"]
[BlackFideId "2119765"]
[WhiteElo "2373"]
[BlackElo "2517"]
[WhiteTeam "BEL"]
[BlackTeam "BRA"]
[WhiteClock "0:00:47"]
[BlackClock "0:01:30"]

1. e4 c5 2. Nf3 d6 3. d4 cxd4 4. Nxd4 Nf6 5. Nc3 a6 6. Bc4 e6 7. Bb3 Nbd7 8. O-O Nc5 9. f4 Qc7 10. Kh1 b5 11. e5 dxe5 12. fxe5 Nfd7 13. Qf3 Nxe5 14. Qxa8 Bd6 15. Ndxb5 axb5 16. Nxb5 Qd7 17. Nxd6+ Ke7 18. Nxc8+ Rxc8 19. Qa3 Ke8 20. Be3 Nxb3 21. axb3 Ng4 22. Bg1 Rxc2 23. Qa8+ Ke7 24. Ra7 Rc7 25. Rxc7 Qxc7 26. Qa7 Qxa7 27. Bxa7 1-0